 Dungeon Crawl Stone Soup version 0.19-a0-739-gf2af308 (webtiles) character file.

82 Ordine the Changer (level 4, -1/28 HPs)
             Began as an Octopode Transmuter on June 23, 2016.
             Slain by a worm (11 damage)
             ... on level 2 of the Dungeon.
             The game lasted 00:03:33 (2299 turns).

Ordine the Changer (Octopode Transmuter)            Turns: 2299, Time: 00:03:34

Health: -1/28      AC:  2    Str:  9    XL:     4   Next: 43%
Magic:  3/7        EV: 19    Int: 16    God:
Gold:   127        SH:  0    Dex: 17    Spells: 1 memorised, 4 levels left

rFire  . . .     SeeInvis .       - Unarmed
rCold  . . .     Gourm    .     (shield currently unavailable)
rNeg   . . .     Faith    .     (helmet currently unavailable)
rPois  x         Spirit   .     (no amulet)
rElec  .         Dismiss  .     (no ring)
rCorr  .         Reflect  .     (no ring)
SustAt .         Harm     .     (no ring)
MR     .....                    (no ring)
Stlth  +++.......               (no ring)
                                (no ring)
                                (no ring)
                                (no ring)

@: spider-form, not resistant to hostile enchantments, fairly stealthy
A: almost no armour, (amphibious), 8 rings, (constrict 8), (camouflage 0),
(gelatinous body 0)
a: End Transformation


You were on level 2 of the Dungeon.
You were not hungry.
You were a venomous arachnid creature.
You visited 1 branch of the dungeon, and saw 2 of its levels.

You collected 127 gold pieces.

Inventory:

Scrolls
 h - a scroll of amnesia
Potions
 e - a potion of curing
 j - a potion of resistance
Books
 b - a book of Changes

   Spells                             Type                      Level
   a - Beastly Appendage              Transmutation                1
   b - Sticks to Snakes               Transmutation                2
   c - Spider Form                    Transmutation/Poison         3
   d - Ice Form                       Ice/Transmutation            4
   e - Blade Hands                    Transmutation                5
Comestibles
 a - a meat ration
 c - a bread ration
 d - a chunk of flesh
 f - a beef jerky


   Skills:
 - Level 1.0 Fighting
 - Level 2.0 Dodging
 + Level 3.0 Stealth
 - Level 3.0 Unarmed Combat
 - Level 2.0 Spellcasting
 * Level 3.9 Transmutations


You had 4 spell levels left.
You knew the following spells:

 Your Spells              Type           Power        Failure   Level  Hunger
a - Spider Form           Tmut/Pois      #.........   56%         3    ###....


Dungeon Overview and Level Annotations

Branches:
Dungeon (2/15)

Altars:

Annotations:
D:2 Terence


Innate Abilities, Weirdness & Mutations

You cannot wear most types of armour.
((You are amphibious.))
You can wear up to eight rings at the same time.
((You can use your tentacles to constrict eight enemies at once.))
((Your skin changes colour to match your surroundings (Stealth+).))
((Your rubbery body absorbs attacks. (AC +1)))


Message History

You constrict the rat, but do no damage.
The rat bites you.
Casting: Spider Form
Confirm with . or Enter, or press ? or * to list all spells.
You turn into a venomous arachnid creature.
You lose your grip on the rat.
The rat completely misses you.
You barely miss the rat.
The rat is heavily wounded.
The rat misses you.
You hit the rat.
You kill the rat!
You hit the worm.
The worm is moderately wounded.
The worm misses you.
You hit the worm.
The worm is poisoned.
The worm is heavily wounded.
You hit the worm.
The worm looks as sick as possible!
The worm is severely wounded.
The worm bites you!
You die...

.........# .........#
.@..r....##### ......%..#...
................ #
.........# w.... ####. #.#
....<. .....# #####(# ......
....(##..ws(##......
#...).####.......
#.#.#.)..........
#.....##..#....#########
.........#...##...#.......#
..............##...........#
..........##...#...........#
(......##....#....##.......#
..>......##.....#..........#


You could see a worm.

Vanquished Creatures
  Ijyb (D:2)
  A gnoll (D:1)
  2 oozes
  A dart slug (D:1)
  2 giant cockroaches (D:1)
  3 goblins
  4 hobgoblins (D:1)
  4 jackals (D:2)
  4 kobolds
  A quokka (D:2)
  A ball python (D:1)
  6 bats (D:1)
  A giant newt (D:1)
  7 rats
38 creatures vanquished.

Notes
Turn   | Place    | Note
--------------------------------------------------------------
     0 | D:1      | Ordine the Octopode Transmuter began the quest for the Orb.
     0 | D:1      | Reached XP level 1. HP: 13/13 MP: 3/3
   376 | D:1      | Reached XP level 2. HP: 6/18 MP: 5/5
   617 | D:1      | Reached skill level 1 in Stealth
  1297 | D:1      | Reached XP level 3. HP: 15/23 MP: 6/6
  1512 | D:1      | Learned a level 3 spell: Spider Form
  2153 | D:2      | Noticed Ijyb
  2155 | D:2      | Noticed Terence
  2171 | D:2      | Killed Ijyb
  2171 | D:2      | Reached XP level 4. HP: 26/28 MP: 3/7
  2299 | D:2      | Slain by a worm

Vault maps used:
D:1:      noname_arrival_rooms_in_the_neighbourhood, minmay_hedge_maze
D:2:      okawaru_ov_weapons_minmay, uniq_iyjb, uniq_terence

Skill      XL: |  1  2  3  4 |
---------------+-------------+-----
Stealth        | 2 3 |  3.0
Transmutations | 3 |  3.9
Fighting       | |  1.0
Dodging        | |  2.0
Unarmed Combat | |  3.0
Spellcasting   | |  2.0

Action                   |  1- 3 |  4- 6 || total
-------------------------+-------+-------++-------
Melee: Unarmed           |    87 |    22 ||   109
       Constrict         |    21 |     2 ||    23
       Tentacles         |    11 |     2 ||    13
       Punch             |     1 |     1 ||     2
 Cast: Spider Form       |     1 |     2 ||     3
  Use: Scroll            |     6 |       ||     6
 Stab: Sleeping          |     3 |       ||     3
       Distracted        |     1 |       ||     1
  Eat: Chunk             |     4 |     1 ||     5
Armor: Skin              |    15 |     3 ||    18
Dodge: Dodged            |    46 |    23 ||    69
